 Dungeon Crawl Stone Soup version 0.28.0-45-g0d030f2227 (webtiles) character file.

Game seed: 6214565780134578597

23 thiscave3701365 the Conjurer (level 3, -3/21 HPs)
             Began as an Octopode Conjurer on Apr 21, 2022.
             Slain by Terence
             ... wielding a +0 short sword
              (8 damage)
             ... on level 2 of the Dungeon.
             The game lasted 00:01:19 (1472 turns).

thiscave3701365 the Conjurer (Octopode Conjurer)    Turns: 1472, Time: 00:01:20

Health: -3/21      AC:  1    Str:  8    XL:     3   Next: 0%
Magic:  1/6        EV: 13    Int: 20    God:
Gold:   77         SH:  0    Dex: 16    Spells: 5/6 levels left

rFire   . . .      SeeInvis .   (no weapon)
rCold   . . .      Faith    .   (no shield)
rNeg    . . .      Spirit   .   (helmet restricted)
rPois   .          Reflect  .   (no amulet)
rElec   .          Harm     .   e - +6 ring of dexterity
rCorr   .          Rampage  .   (no ring)
Will    .....                   (no ring)
Stlth   +++.......              (no ring)
HPRegen 0.07/turn               (no ring)
MPRegen 0.10/turn               (no ring)
                                (no ring)
                                (no ring)

@: no status effects
A: almost no armour, amphibious, 8 rings, camouflage 1, gelatinous body 1,
(nimble swimmer 1), tentacles
a: no special abilities


You were on level 2 of the Dungeon.
You visited 1 branch of the dungeon, and saw 2 of its levels.

You collected 77 gold pieces.

Inventory:

Jewellery
 e - a +6 ring of dexterity (left tentacle)
Scrolls
 c - a scroll of amnesia {unknown}
 d - a scroll of torment {unknown}
 g - a scroll of fog {unknown}
Potions
 a - a potion of curing {unknown}
 b - a potion of mutation {unknown}
 f - 2 potions of invisibility {unknown}


   Skills:
 + Level 2.3 Dodging
 + Level 3.3 Stealth
 + Level 2.3 Spellcasting
 + Level 4.2 Conjurations


You had 5 spell levels left.
You knew the following spells:

 Your Spells              Type           Power      Damage    Failure   Level
a - Magic Dart            Conj           76%        1d6       2%          1

Your spell library contained the following spells:

 Spells                   Type           Power      Damage    Failure   Level
 Searing Ray              Conj           38%        2d5       4%          2
 Animate Skeleton         Necr           4%         N/A       16%         1
 Apportation              Tloc           4%         N/A       16%         1
 Summon Small Mammal      Summ           8%         N/A       16%         1
 Dazzling Flash           Conj/Hex       20%        N/A       19%         3
 Fulminant Prism          Conj/Hex       5%         3d7       54%         4
 Iskenderun's Mystic Bla  Conj/Tloc      10%        2d4       54%         4


Dungeon Overview and Level Annotations

Branches:
Dungeon (2/15)

Altars:

Annotations:
D:2 Terence


Innate Abilities, Weirdness & Mutations

You cannot wear most types of armour.
You are amphibious.
You can wear up to eight rings at the same time.
Your skin changes colour to match your surroundings (Stealth+).
Your rubbery body absorbs attacks. (AC +1, EV +1)
((You are camouflaged when in or above water. (Stealth+)))
You have tentacles for arms and can constrict up to eight enemies at once.


Message History

A giant cockroach is nearby!
The magic dart hits the giant cockroach.
The giant cockroach is moderately wounded.
The magic dart hits the giant cockroach.
The giant cockroach is heavily wounded.
The magic dart hits the giant cockroach.
You kill the giant cockroach!
You have reached level 3!
Your experience leads to an increase in your attributes!
Your base attributes are Str 6, Int 20, Dex 10.
Increase (S)trength, (I)ntelligence, or (D)exterity?
You feel stronger. x2
You open the door.
Terence the Incautious comes into view.
He is wielding a +0 short sword and wearing a +2 ring mail of poison resistance.
Terence is nearby!
Terence is nearby!
Terence is nearby!
Terence is nearby!
The magic dart hits Terence but does no damage.
The magic dart hits Terence but does no damage.
Terence hits you with a +0 short sword.
The magic dart hits Terence but does no damage.
Terence hits you with a +0 short sword.
The magic dart hits Terence but does no damage.
Terence closely misses you.
The magic dart hits Terence but does no damage.
Terence hits you with a +0 short sword.
You tentacle-slap Terence but do no damage.
You grab Terence.
You tentacle-slap Terence, but do no damage.
You squeeze Terence.
Terence is lightly wounded.
You constrict Terence, but do no damage.
Terence hits you with a +0 short sword!
* * * LOW HITPOINT WARNING * * *
You barely miss Terence.
Terence is lightly wounded.
You constrict Terence, but do no damage.
Terence hits you with a +0 short sword!
You die...

#.........##...
....#..............
....#############..
#...# ####### #..
#...# #.....# #..
#...# #.....# #..
... #.....# ###
########### #@#
#.....#### #
..........# #@#
#........# #
..........#### #.#
#........####
.....†.......# #.#
#............
...........#.# #.#
#.....##.####
...........#.# #.#
#.....##.# #
...........#.###.#
########.# #
...........#.....#
#.# #
#######'##########
#.# # #.# #.# #


You could see Terence.

Vanquished Creatures
  A dart slug (D:1)
  2 bats (D:1)
  An endoplasm (D:1)
  2 giant cockroaches
  2 hobgoblins (D:1)
  4 kobolds (D:1)
  3 quokkas
  2 ball pythons (D:1)
  2 rats (D:1)
19 creatures vanquished.

Vanquished Creatures (others)
  2 fungi (D:1)
  A plant (D:1)
3 creatures vanquished.

Grand Total: 22 creatures vanquished

Notes
Turn   | Place    | Note
-------+----------+-------------------------------------------
     0 | D:1      | thiscave3701365 the Octopode Conjurer began the quest for
                  | the Orb.
     0 | D:1      | Reached XP level 1. HP: 11/11 MP: 3/3
   282 | D:1      | Reached XP level 2. HP: 17/17 MP: 1/5
   721 | D:1      | Found a faded altar of an unknown god.
  1389 | D:2      | Identified the +7 spear "Runisk" {vamp, *Corrode rPois
                  | Int+6 Dex+8}
  1408 | D:2      | Reached XP level 3. HP: 21/21 MP: 2/6
  1465 | D:2      | Noticed Terence
  1472 | D:2      | Slain by Terence

Illustrated notes

Levels and vault maps discovered:
D:1:      amcnicky_arrival_abandoned_market, layout_rooms,
          shapermc_ecumenical_altar_mp_urbaneastern
D:2:      layout_basic, uniq_terence, uniq_robin

Skill      XL: |  1 |
---------------+----+-----
Stealth        | 3 |  3.3
Dodging        | |  2.3
Spellcasting   | |  2.3
Conjurations   | |  4.2

Action                   || total
-------------------------++-------
Melee: Unarmed           ||    19
       Constrict         ||     6
       Tentacles         ||     7
       Punch             ||     1
 Cast: Magic Dart        ||    40
 Stab: Sleeping          ||     1
Dodge: Dodged            ||     4
